 Dungeon Crawl Stone Soup version 0.28-a0-724-g66f9036eb4 (webtiles) character file.

Game seed: 1733178088322014392

540 meatgazer the Distorting Demonspawn (level 7, -1/56 HPs)
             Began as a Demonspawn Abyssal Knight on Oct 26, 2021.
             Was a Believer of Lugonu.
             Slain by a gnoll sergeant (5 damage)
             ... on level 6 of the Dungeon.
             The game lasted 00:06:50 (6530 turns).

meatgazer the Distorting Demonspawn (DsAK)          Turns: 6530, Time: 00:06:50

Health: -1/56      AC:  5    Str: 17    XL:     7   Next: 5%
Magic:  11/11      EV: 11    Int: 14    God:    Lugonu [**....]
Gold:   129        SH:  0    Dex: 18    Spells: 6/6 levels left

rFire   x . .      SeeInvis +   a - +1 falchion
rCold   + . .      Faith    .   (no shield)
rNeg    + . .      Spirit   .   b - +0 leather armour
rPois   .          Reflect  .   (helmet restricted)
rElec   .          Harm     .   (no cloak)
rCorr   .          Rampage  .   k - +0 pair of gloves
Will    .....                   d - +0 pair of boots
Stlth   +.........              (no amulet)
HPRegen 0.18/turn               c - ring "Newysuufo" {Ice rN+ Str+3 Dex+4 Slay+2}
MPRegen 0.12/turn               e - ring of see invisible

@: attractive, hasted, very quick
A: antennae 1, foul stench 2, big brain 1
a: Renounce Religion, Depart the Abyss, Bend Space


You were on level 6 of the Dungeon.
You worshipped Lugonu.
Lugonu was pleased with you.
You visited 1 branch of the dungeon, and saw 5 of its levels.
You visited the Abyss 1 time.

You collected 129 gold pieces.

Inventory:

Hand Weapons
 a - a +1 falchion (weapon)
Armour
 b - a +0 leather armour (worn)
 d - a +0 pair of boots (worn)
 k - a +0 pair of gloves (worn)
Jewellery
 c - the ring "Newysuufo" (left hand) {Ice rN+ Str+3 Dex+4 Slay+2}
   (You found it on level 2 of the Abyss)

   [ring of ice]

   It enhances your ice magic.
   Str:       It affects your strength (+3).
   Dex:       It affects your dexterity (+4).
   Slay:      It affects your accuracy & damage with ranged weapons and melee
   (+2).
   rF:        It makes you vulnerable to fire.
   rC:        It protects you from cold.
   rN:        It protects you from negative energy.
 e - a ring of see invisible (right hand)
 j - a ring of resist corrosion
Scrolls
 f - a scroll of amnesia
Potions
 g - 2 potions of curing


   Skills:
 + Level 5.2 Fighting
 + Level 4.2 Long Blades
 - Level 1.7 Armour
 - Level 0.8 Dodging
 + Level 6.1 Invocations


You had 6 spell levels left.
You didn't know any spells.
Your spell library contained the following spells:

 Spells                   Type           Power      Damage    Failure   Level
 Gell's Gravitas          Tloc           0%         N/A       71%         3
 Lesser Beckoning         Tloc           0%         N/A       71%         3
 Teleport Other           Tloc           0%         N/A       71%         3


Dungeon Overview and Level Annotations

Branches:
Dungeon (4/15)
 Temple: D:4-7

Altars:
Elyvilon
Trog
Zin


Innate Abilities, Weirdness & Mutations

You have a pair of small antennae on your head.
You sometimes emit foul miasma when damaged in melee.
You have an unusually large brain. (Int +2)


Message History

You have reached level 7!
You hit the white imp but do no damage.
A gnoll sergeant comes into view. It is wielding a +0 trident.
The white imp barely misses you.
A gnoll comes into view. It is wielding a +0 club.
The gnoll sergeant shouts!
The gnoll shouts!
You hit the white imp.
The white imp is heavily wounded.
The white imp misses you.
You hit the white imp.
You kill the white imp!
Lugonu accepts your kill.
Okay, then.
You feel yourself speed up.
A gnoll comes into view. It is wielding a +0 whip.
Found a purple potion.
You see here a purple potion.
You see here a purple potion.
h - a purple potion It was a potion of attraction.
You feel attractive to monsters. The gnoll is attracted toward you.
The gnoll is attracted toward you.
You hit the gnoll.
The gnoll is lightly wounded.
The gnoll hits you but does no damage.
The gnoll sergeant is attracted toward you.
You hit the gnoll.
The gnoll is heavily wounded.
You closely miss the gnoll.
The gnoll is heavily wounded.
The gnoll hits you but does no damage.
The gnoll sergeant hits you with a +0 trident.
* * * LOW HITPOINT WARNING * * *
You hit the gnoll.
The gnoll is severely wounded.
The gnoll hits you with a +0 club.
* * * LOW HITPOINT WARNING * * *
The gnoll sergeant hits you with a +0 trident.
You die...

.......## #.###..#.............#
........####.##..##............##
..#####....##..#####......(...##
### ####....## #.........##
###.## ####.........#
#..###............#
##ยง#..............#
##..g.............
#....@g........ #..............
#............... ##...........###
##........### ##########


You could see a gnoll sergeant and a gnoll.

Vanquished Creatures
  A sky beast (D:6)
  A phantom (D:6)
  A centaur (D:6)
  A gnoll sergeant (D:3)
  An iguana (D:3)
  2 orc wizards (D:3)
  5 gnolls
  3 adders (D:3)
  A white imp (D:6)
  2 worms
  2 dart slugs
  8 orcs
  2 ball pythons (D:3)
  9 bats
  6 endoplasms
  2 giant cockroaches (D:2)
  4 goblins (D:1)
  7 hobgoblins
  2 jackals (D:2)
  3 quokkas
  4 frilled lizards
  6 kobolds
  6 rats
79 creatures vanquished.

Notes
Turn   | Place    | Note
-------+----------+-------------------------------------------
     0 | Abyss:1  | meatgazer the Demonspawn Abyssal Knight began the quest for
                  | the Orb.
     0 | Abyss:1  | Reached XP level 1. HP: 18/18 MP: 2/2
     6 | Abyss:2  | Noticed a chaos spawn
     7 | Abyss:2  | Found a transporter.
     7 | Abyss:2  | Found a corrupted altar of Lugonu.
     7 | Abyss:2  | Found a transporter.
     7 | Abyss:2  | Noticed a tentacled monstrosity
     7 | Abyss:2  | Noticed a demonic crawler
     7 | Abyss:2  | Noticed a small abomination
     7 | Abyss:2  | Noticed a wretched star
     7 | Abyss:2  | Noticed a smoke demon
     7 | Abyss:2  | Noticed a tentacled monstrosity
     7 | Abyss:2  | Noticed a tentacled starspawn
     7 | Abyss:2  | Noticed a starcursed mass
     8 | Abyss:2  | Noticed a torpor snail
     8 | Abyss:2  | Noticed an eye of devastation
     8 | Abyss:2  | a torpor snail changed into an eye of devastation
     8 | Abyss:2  | Noticed a ynoxinul
     9 | Abyss:2  | Found a corrupted altar of Lugonu.
     9 | Abyss:2  | Noticed a worldbinder
    10 | Abyss:2  | Identified the ring "Newysuufo" {Ice rN+ Str+3 Dex+4
                  | Slay+2}
    11 | Abyss:2  | Noticed a swamp worm
    11 | Abyss:2  | an eye of devastation changed into a swamp worm
    12 | D:1      | Escaped the Abyss
   306 | D:1      | Gained mutation: You may rarely emit foul miasma when
                  | damaged in melee. [demonic ancestry]
   306 | D:1      | Reached XP level 2. HP: 22/24 MP: 4/4
   475 | D:1      | Reached * piety under Lugonu
   487 | D:1      | Found a faded altar of an unknown god.
   489 | D:1      | Reached skill level 3 in Invocations
   801 | D:1      | Reached XP level 3. HP: 28/29 MP: 5/5
  2008 | D:3      | Reached ** piety under Lugonu
  2106 | D:3      | Gained mutation: You have an unusually large brain. (Int
                  | +2) [demonic ancestry]
  2106 | D:3      | Reached XP level 4. HP: 30/37 MP: 6/6
  3105 | D:3      | Reached skill level 4 in Invocations
  3930 | D:2      | Gained mutation: You sometimes emit foul miasma when
                  | damaged in melee. [demonic ancestry]
  3930 | D:2      | Reached XP level 5. HP: 25/42 MP: 8/8
  5948 | D:3      | Reached skill level 5 in Invocations
  5963 | D:3      | Gained mutation: You have a pair of small antennae on your
                  | head. [demonic ancestry]
  5963 | D:3      | Reached XP level 6. HP: 19/49 MP: 9/9
  6213 | D:3      | Found a bloodstained altar of Trog.
  6358 | D:4      | You fall into a shaft and drop 2 floors!
  6358 | D:6      | Noticed a sky beast
  6372 | D:6      | Killed a sky beast
  6379 | D:6      | Reached skill level 5 in Fighting
  6494 | D:6      | Reached skill level 6 in Invocations
  6494 | D:6      | Reached XP level 7. HP: 6/56 MP: 11/11
  6530 | D:6      | Slain by a gnoll sergeant

Illustrated notes

Levels and vault maps discovered:
D:1:      dpeg_arrival_snail, layout_rooms, basic_ecumenical_altar
D:2:      layout_loops_ring, basic_altar, chequers_arboretum
D:3:      layout_rooms, trog_book
D:4:      minmay_chambers_of_threes, layout_basic,
          nicolae_overflow_hidden_temple, lemuel_flame_loot_1
D:6:      layout_cave_pods, mainiacjoe_overflow_24_doors, vehumet_altar_wand_db,
          mainiacjoe_overflow_boulevard, minmay_temple_entry_waves,
          minmay_misc_feat_roman, uniq_blork_the_orc

Skill      XL: |  1  2  3  4  5  6 |
---------------+-------------------+-----
Long Blades    | 2 3 4 |  4.2
Invocations    | 3 4 5 6 |  6.1
Fighting       | 4 5 |  5.2
Armour         | |  1.7
Dodging        | |  0.8

Action                   |  1- 3 |  4- 6 |  7- 9 || total
-------------------------+-------+-------+-------++-------
Melee: Falchion          |   106 |   116 |     7 ||   229
Invok: Depart the Abyss  |     1 |       |       ||     1
       Bend Space        |       |     1 |       ||     1
  Use: Scroll            |     4 |       |       ||     4
       Potion            |       |     3 |     2 ||     5
 Stab: Sleeping          |     2 |     1 |       ||     3
Armor: Leather armour    |    29 |    40 |     2 ||    71
Dodge: Dodged            |    58 |    93 |     2 ||   153

Table legend: (Time is in decaauts)
 A = Elapsed time spent in this place.
 B = Non-inter-level travel time spent in this place.
 C = Inter-level travel time spent in this place.
 D = Time resting spent in this place.
 E = Time spent auto-exploring this place.
 F = Levels seen in this place.
 G = Mean time per level.
                   A        B        C        D        E       F      G
               +--------+--------+--------+--------+--------+-----+--------+
         Total |   6545 |   6403 |    142 |   4097 |   1579 |   7 |  935.0 |
       Dungeon |   6533 |   6391 |    142 |   4097 |   1579 |   5 | 1306.6 |
         Abyss |     11 |     11 |      0 |      0 |      0 |   2 |    5.5 |
               +--------+--------+--------+--------+--------+-----+--------+

Top non-repeatable levels by time:
     D:2: 3805 daAuts
     D:3: 1728 daAuts
     D:1: 832 daAuts
     D:6: 163 daAuts
 Abyss:1: 6 daAuts
 Abyss:2: 5 daAuts
     D:4: 3 daAuts
